 Dungeon Crawl Stone Soup version 0.31-a0-691-g409c26aa35 (webtiles) character file.

Game seed: 7558457528180915863

124 qw the Shooter (level 5, 0/32 HPs)
             Began as a Gargoyle Hunter on Sept 6, 2023.
             Slain by Terence
             ... wielding a +0 trident
              (4 damage)
             ... on level 3 of the Dungeon.
             The game lasted 00:00:46 (1862 turns).

qw the Shooter (Gargoyle Hunter)                    Turns: 1862, Time: 00:00:47

Health: 0/32       AC:  9    Str: 15    XL:     5   Next: 8%
Magic:  5/5        EV: 11    Int:  9    God:
Gold:   164        SH:  0    Dex: 15    Spells: 4/4 levels left

rFire   . . .        Y - +0 shortbow
rCold   . . .        (shield currently unavailable)
rNeg    + . .        h - +0 ring mail
rPois   inf          (no helmet)
rElec   +            (no cloak)
rCorr   .            (no gloves)
SInv    .            (no boots)
Will    .....        (no amulet)
Stlth   +            (no ring)
HPRegen 0.25/turn    (no ring)
MPRegen 0.09/turn

%: no passive effects
@: no status effects
A: sickness immunity, AC +4, negative energy resistance 1, electricity
resistance, torment resistance 1, petrification resistance
a: no special abilities


You were on level 3 of the Dungeon.
You visited 1 branch of the dungeon, and saw 3 of its levels.

You collected 164 gold pieces.


Innate Abilities, Weirdness & Mutations

You are immune to sickness and miasma.
Your stone body is resilient. (AC +4)
You are immune to poison.
You resist negative energy. (rN+)
You are resistant to electric shocks. (rElec)
You are resistant to unholy torment.
You are immune to petrification.


   Skills:
 - Level 3.1 Fighting
 + Level 5.7 Ranged Weapons
 - Level 1.0 Armour
 - Level 1.5 Dodging
 - Level 1.1 Stealth


You had 4 spell levels left.
You didn't know any spells.
Your spell library was empty.

Inventory:

Hand Weapons
 Y - a +0 shortbow (weapon)
Armour
 h - a +0 ring mail (worn)
Jewellery
 d - a +4 ring of protection
Scrolls
 b - 3 scrolls of identify
 e - a scroll of fog {unknown}
Potions
 a - a potion of degeneration {unknown}
 c - a potion of enlightenment {unknown}
 g - 3 potions of heal wounds {unknown}

Dungeon Overview and Level Annotations

Branches:
Dungeon (3/15)

Altars:
Kikubaaqudgha

Annotations:
D:3 Terence


Message History

The adder bites you but does no damage. Terence closely misses you.
The adder barely misses you.
You shoot an arrow. The arrow completely misses the adder.
The adder bites you. Terence closely misses you.
You shoot an arrow. The arrow closely misses the adder.
The adder bites you but does no damage. Terence barely misses you.
The adder barely misses you.
You shoot an arrow. The arrow completely misses the adder.
The adder bites you but does no damage. Terence closely misses you.
You shoot an arrow. The arrow barely misses the adder.
The adder barely misses you. Terence hits you but does no damage.
The adder misses you. Terence hits you but does no damage.
You shoot an arrow. The arrow hits the adder.
The adder is almost dead.
The adder barely misses you. Terence misses you. The adder closely misses you.
You shoot an arrow. The arrow barely misses the adder.
The adder closely misses you. Terence hits you but does no damage.
You shoot an arrow. The arrow hits the adder.
You kill the adder!
Terence closely misses you.
You shoot an arrow. The arrow hits Terence.
Terence is lightly wounded.
Terence hits you but does no damage.
You shoot an arrow. The arrow barely misses Terence.
Terence hits you from afar with a +0 trident!
Terence hits you from afar with a +0 trident.
You shoot an arrow. The arrow hits Terence!
Terence is heavily wounded.
Terence hits you but does no damage.
You shoot an arrow. The arrow hits Terence.
Terence is severely wounded.
Terence hits you but does no damage.
You shoot an arrow.
The arrow hits Terence but does no damage.
Terence is severely wounded.
Terence closely misses you.
You shoot an arrow. The arrow barely misses Terence.
Terence hits you from afar with a +0 trident!
Terence hits you from afar with a +0 trident.
You die...

#.......#######
###.............# .
....>....###....# ..
###.....## #...<# ...
#.....# ###...### ...
#.....###....##.. #..
#......##.##....#
.##..@##..###.##.##....#
.......@.## #....###....
.........## ###.......#.
...........##.....#.#...
.##...##............#...
#..#. #.##....##.......
...##. #..#......(###...
..# #. ##...#..#.####..#
.. #.####..#.##........
#..#......#######..#


You could see Terence.

Vanquished Creatures
  4 gnolls (D:2)
  2 adders
  A worm (D:3)
  A dart slug (D:2)
  An orc (D:3)
  4 ball pythons
  11 bats
  4 endoplasms
  4 giant cockroaches
  2 goblins
  6 hobgoblins
  6 jackals
  3 kobolds
  A quokka (D:2)
  2 frilled lizards (D:1)
  7 rats
59 creatures vanquished.

Notes
Turn   | Place    | Note
-------+----------+-------------------------------------------
     0 | D:1      | qw the Gargoyle Hunter began the quest for the Orb.
     0 | D:1      | Reached XP level 1. HP: 12/12 MP: 1/1
     0 | D:1      | 0 ||| qw: Version: 0.3-a-76-g4403597
     0 | D:1      | 0 ||| qw: Game counter: 42
     0 | D:1      | 0 ||| qw: Melee chars always use a shield: true
     0 | D:1      | 0 ||| qw: God list: Okawaru
     0 | D:1      | 0 ||| qw: Allow faded altars: false
     0 | D:1      | 0 ||| qw: Do Orc after clearing Dungeon:15 true
     0 | D:1      | 0 ||| qw: Do second Lair branch before Depths: true
     0 | D:1      | 0 ||| qw: Lair rune preference: random
     0 | D:1      | 0 ||| qw: Goals: Normal
     0 | D:1      | 0 ||| PLANNING D:1-11
    67 | D:1      | Reached XP level 2. HP: 17/17 MP: 2/2
    67 | D:1      | Found an ancient bone altar of Kikubaaqudgha.
   539 | D:1      | 539 ||| UPGRADING to +0 ring mail.
   549 | D:1      | 549 ||| DROPPING +0 leather armour.
   550 | D:1      | 550 ||| READING scroll labelled BAENNU KEMUUS.
   551 | D:1      | 551 ||| READING scroll labelled LEH UCIYDOON.
   552 | D:1      | 552 ||| DRINKING 2 brown potions.
   580 | D:1      | 580 ||| DROPPING scroll of butterflies.
   581 | D:1      | 581 ||| DROPPING potion of lignification.
   612 | D:2      | Reached XP level 3. HP: 21/21 MP: 3/3
   613 | D:2      | Reached skill level 1 in Armour
   900 | D:2      | Reached skill level 5 in Ranged Weapons
  1277 | D:2      | 1277 ||| RETREATING.
  1284 | D:2      | Reached skill level 3 in Fighting
  1284 | D:2      | Reached XP level 4. HP: 28/28 MP: 4/4
  1438 | D:2      | 1438 ||| DROPPING ring of magical power.
  1439 | D:2      | 1439 ||| DRINKING 2 bubbling dark potions.
  1444 | D:2      | 1444 ||| DROPPING potion of ambrosia.
  1725 | D:3      | Reached XP level 5. HP: 32/32 MP: 5/5
  1840 | D:3      | Noticed Terence
  1862 | D:3      | HP: 4/32 [Terence/+0 trident (8)]
  1862 | D:3      | Slain by Terence

Levels and vault maps discovered:
D:1:      shiori_arrival_elements, layout_loops_ring, serial_glass,
          glass_columns_b, glass_columns_b, minmay_strange_pillars,
          item_on_display_a, due_unseen_surprise, minmay_strange_pillars,
          minmay_hexomino_r4
D:2:      layout_basic, grunt_ministairs_9, chequers_serial_rivers_small_b
D:3:      layout_rooms, uniq_terence

Skill      XL: |  1  2  3 |
---------------+----------+-----
Armour         | 1 |  1.0
Ranged Weapons | 5 |  5.7
Fighting       | 3 |  3.1
Dodging        | |  1.5
Stealth        | |  1.1

Action                     |  1- 3 |  4- 6 || total
---------------------------+-------+-------++-------
   Fire: Shortbow          |   115 |    83 ||   198
    Use: Scroll            |     2 |       ||     2
         Potion            |     1 |     1 ||     2
 Armour: Leather armour    |    14 |       ||    14
         Ring mail         |    21 |    38 ||    59
  Dodge: Dodged            |    45 |    41 ||    86

Table legend:
 A = Non-vault XP
 B = Vault XP
 C = Vault XP percentage of total XP
 D = Non-vault monster count
 E = Vault monster count
 F = Vault count percentage of total count
                 A         B        C        D         E       F
            +---------+---------+-------+---------+---------+-------
      Total |     171 |       7 |   3.9 |      54 |       5 |   8.5
            +---------+---------+-------+---------+---------+-------
        D:1 |      22 |       5 |  18.5 |      15 |       3 |  16.7
        D:2 |     105 |       2 |   1.9 |      23 |       2 |   8.0
        D:3 |      44 |       0 |   0.0 |      16 |       0 |   0.0
            +---------+---------+-------+---------+---------+-------
